 Dungeon Sprint DCSS version 0.27-a0-1105-g946c659c87 (webtiles) character file.

Game seed: 12936743184614313043

7229 mhtbhm the Scorcher (level 10, -1/50 HPs)
             Began as a Deep Elf Fire Elementalist on Apr 29, 2021.
             Was the Champion of Vehumet.
             Killed themself with a badly aimed burst of rock shards (19 damage)
             ... in the Dungeon (Sprint V: "Ziggurat Sprint").
             The game lasted 00:04:33 (867 turns).

mhtbhm the Scorcher (Deep Elf Fire Elementalist)     Turns: 867, Time: 00:04:33

Health: -1/50      AC:  7    Str:  5    XL:     10   Next: 88%
Magic:  30/30      EV: 22    Int: 36    God:    Vehumet [******]
Gold:   0          SH:  0    Dex: 15    Spells: 22/38 levels left

rFire    + . .     SeeInvis .   C - +8 lance "Wyrmbane" {slay drac, rPois rF+ rC+ AC+3}
rCold    + . .     Faith    .   (no shield)
rNeg     . . .     Spirit   .   a - +2 robe {Will+}
rPois    +         Reflect  .   (no helmet)
rElec    +         Harm     .   (no cloak)
rCorr    .         Rampage  .   (no gloves)
Will     ++...     NoTele   +   (no boots)
Stlth    ++++......             r - amulet of the Air {Inacc Fly rElec EV+5 RMsl}
HPRegen  0.16/turn              u - +6 ring of intelligence
MPRegen  0.22/turn              v - +6 ring of intelligence

@: flying, studying Crossbows, repel missiles
A: no striking features
a: Renounce Religion


You were in the Dungeon.
You worshipped Vehumet.
Vehumet was exalted by your worship.
You visited 1 branch

Inventory:

Hand Weapons
 C - the +8 lance "Wyrmbane" (weapon) {slay drac, rPois rF+ rC+ AC+3}
   (You found it in the Dungeon)

   It affects your AC (+3).
   It protects you from fire.
   It protects you from cold.
   It protects you from poison.
Armour
 a - a +2 robe of willpower (worn)
Jewellery
 r - the amulet of the Air (around neck) {Inacc Fly rElec EV+5 RMsl}
   (You found it in the Dungeon)

   [amulet of nothing]

   It affects your evasion (+5).
   It insulates you from electricity.
   It grants you flight.
   It protects you from missiles.
 u - a +6 ring of intelligence (left hand)
 v - a +6 ring of intelligence (right hand)
Wands
 y - a wand of mindburst (3)
Scrolls
 h - a scroll of blinking
 m - 4 scrolls of amnesia
 n - 7 scrolls of fog
 o - a scroll of holy word
 p - 5 scrolls of identify
 q - 2 scrolls of fear
Potions
 b - 2 potions of brilliance
 c - 10 potions of curing
 d - 10 potions of heal wounds
 e - 6 potions of haste
 f - 7 potions of magic
 g - 3 potions of berserk rage
 i - 2 potions of invisibility
 j - 4 potions of resistance
 k - a potion of experience
 l - 5 potions of might
Miscellaneous
 s - a box of beasts
 t - a phantom mirror
 w - a tin of tremorstones (2/2)
 x - a condenser vane
 B - a lightning rod (4/4)


   Skills:
 + Level 0.1 Fighting
 + Level 10.8 Dodging
 + Level 10.1 Stealth
 + Level 14.9 Spellcasting
 + Level 6.8 Conjurations
 + Level 18.3 Fire Magic
 + Level 9.9 Evocations


You had 22 spell levels left.
You knew the following spells:

 Your Spells              Type           Power      Damage    Failure   Level
a - Foxfire               Conj/Fire      100%       2x1d9     0%          1
b - Conjure Flame         Conj/Fire      87%        6-21      1%          3
c - Inner Flame           Hex/Fire       75%        N/A       1%          3
d - Sticky Flame          Conj/Fire      87%        2d10      1%          4
e - Fireball              Conj/Fire      43%        3d17      1%          5

Your spell library contained the following spells:

 Spells                   Type           Power      Damage    Failure   Level
 Frozen Ramparts          Ice            52%        1d7       1%          3
 Haunt                    Necr/Summ      13%        N/A       100%        7
 Malign Gateway           Summ/Tloc      13%        N/A       100%        7
 Monstrous Menagerie      Summ           13%        N/A       100%        7
 Summon Horrible Things   Summ           13%        N/A       100%        8


Dungeon Overview and Level Annotations

Branches:
Dungeon (1/1)

Altars:
Ashenzari
Cheibriados
Dithmenos
Elyvilon
Fedhas
Gozag
Hepliaklqana
Kikubaaqudgha
Makhleb
Nemelex Xobeh
Okawaru
Qazlal
Ru
Sif Muna
Trog
Uskayaw
Vehumet
Wu Jian
Xom
Yredelemnul
Zin
The Shining One
Beogh
Jiyva
Lugonu

Annotations:
D 1 transporter


Message History

Your Fire Magic skill increases to level 18!
Your Evocations skill increases to level 9!
Unknown command.
Unknown command.
Press: ? - help, v - describe, . - travel
Here: a +3 halberd of venom (severely damaged)
The floor.
Unknown command.
x - a condenser vane The +3 halberd of venom hits you from afar!
Unknown command.
The tremorstone explodes into fragments!
The burst of rock shards engulfs the earth elemental!!
The burst of rock shards engulfs the +3 halberd of venom.
The burst of rock shards engulfs the +5 flail of holy wrath.
The burst of rock shards engulfs the earth elemental!
The burst of rock shards engulfs the +3 halberd of venom!
The +3 halberd of venom falls from the air.
Vehumet accepts your kill.
The burst of rock shards engulfs the +5 flail of holy wrath.
The burst of rock shards engulfs the earth elemental but does no damage.
The burst of rock shards engulfs the +5 flail of holy wrath!
The burst of rock shards engulfs the +5 flail of holy wrath but does no damage.
The burst of rock shards engulfs the earth elemental!
The +5 flail of holy wrath completely misses you.
Your tin of tremorstones (2/2) has regained one charge.
Your Stealth skill increases to level 10!
Unknown command.
Unknown command.
Blink to where?
Press: ? - help, Dir - move target
As you read the scroll of blinking, it crumbles to dust.
Okay, then.
You feel much better.
The tremorstone explodes into fragments!
The burst of rock shards engulfs the +5 flail of holy wrath!
The +5 flail of holy wrath falls from the air.
Vehumet accepts your kill.
The burst of rock shards engulfs you!! x2
You die...

▓...8©8...▓..8©8..▓
▓..".):...▓..)....▓
▓...[|}...▓..|.}..▓
▓..)...E..▓...)...▓
▓...).....▓...†...▓
▓.....)...▓...)...▓
▓.....)...▓.......▓
▓.▓.....▓.▓.......▓
▓....©@...▓...©...▓
▓▓▓▓▓▓▓▓▓▓▓▓▓▓▓▓▓▓▓


You could see an earth elemental.

Vanquished Creatures
  4 dancing weapons (D)
  2 hell hogs (D)
  An orc high priest (D)
  A deep elf archer (D)
  A deep elf zephyrmancer (D)
  An ugly thing (D)
  2 efreet (D)
  3 fire elementals (D)
  A water elemental (D)
  2 golden eyes (D)
  A chaos spawn (D)
  A hell hound (D)
  A floating eye (D)
  2 orc warriors (D)
  A centaur (shapeshifter) (D)
  2 boggarts (shapeshifter) (D)
  2 scorpions (D)
  A crimson imp (D)
  A jelly (D)
  3 iron imps (D)
  2 orc wizards (D)
  A shadow imp (D)
  A white imp (D)
  An adder zombie (D)
  An adder skeleton (D)
  2 orcs (D)
  An endoplasm (D)
  A ball python skeleton (D)
43 creatures vanquished.

Vanquished Creatures (others)
  A fire vortex (D)
  A foxfire (D)
2 creatures vanquished.

Grand Total: 45 creatures vanquished

Notes
Turn   | Place    | Note
-------+----------+-------------------------------------------
     0 | D        | mhtbhm the Deep Elf Fire Elementalist began the quest for
                  | the Orb.
     0 | D        | Reached XP level 1. HP: 10/10 MP: 6/6
     0 | D        | Found a shimmering blue altar of Sif Muna.
     0 | D        | Found a bloodstained altar of Trog.
     0 | D        | Found a sacrificial altar of Ru.
     0 | D        | Found a stormy altar of Qazlal.
     0 | D        | Found an iron altar of Okawaru.
     1 | D        | Found a sparkling altar of Nemelex Xobeh.
     1 | D        | Found a blossoming altar of Fedhas.
     2 | D        | Found the +6 Majin-Bo {vamp, MP+6 Int+6}
     2 | D        | Found the +9 heavy crossbow "Sniper" {vorpal, Acc+∞ SInv}
     2 | D        | Found the +10 dark maul {vorpal}
     2 | D        | Found the +15 Maxwell's patent armour {-Cast -Tele rElec
                  | Will+ rCorr}
     2 | D        | Found the +18 shield of the Gong {rElec rN+ Will+ EV-5}
     2 | D        | Found the +14 obsidian axe {vorpal, Drain Fly SInv}
     2 | D        | Found the +7 great mace "Firestarter" {inner flame, rF++}
     2 | D        | Found the +6 shillelagh "Devastator" {shatter}
     2 | D        | Found the +11 plutonium sword {Contam Stlth-}
     2 | D        | Found the +8 lance "Wyrmbane" {slay drac, rPois rF+ rC+
                  | AC+3}
     2 | D        | Found the +9 sword of Zonguldrok {reap}
     2 | D        | Found the +13 scythe of Curses {drain, Drain}
     2 | D        | Found the +5 sword of Power {vorpal}
     2 | D        | Found the +7 mace of Variability {chain chaos}
     2 | D        | Found the +7 Singing Sword {vorpal, sonic wave}
     2 | D        | Found the +8 storm bow {elec, penet}
     3 | D        | Found a transporter.
     3 | D        | Found an ancient bone altar of Kikubaaqudgha.
     3 | D        | Found a viscous altar of Jiyva.
     3 | D        | Found a corrupted altar of Lugonu.
     3 | D        | Found a hazy altar of Hepliaklqana.
     3 | D        | Found a burning altar of Makhleb.
     3 | D        | Found an opulent altar of Gozag.
    42 | D        | Became a worshipper of Vehumet
    55 | D        | Entered arena 2.
    55 | D        | Noticed a scorpion
    55 | D        | Noticed a scorpion
    55 | D        | Found a transporter.
    57 | D        | Killed a scorpion
    58 | D        | Reached skill level 5 in Spellcasting
    58 | D        | Reached skill level 6 in Fire Magic
    58 | D        | Reached XP level 2. HP: 10/15 MP: 7/10
    58 | D        | Reached XP level 3. HP: 12/19 MP: 7/11
    58 | D        | Killed a scorpion
    59 | D        | Reached skill level 8 in Fire Magic
    59 | D        | Reached skill level 1 in Evocations
    59 | D        | Reached XP level 4. HP: 13/24 MP: 8/14
   281 | D        | Learned a level 3 spell: Conjure Flame
   285 | D        | Learned a level 3 spell: Inner Flame
   290 | D        | Learned a level 4 spell: Sticky Flame
   292 | D        | Entered arena 3.
   292 | D        | Noticed a deep elf zephyrmancer
   292 | D        | Noticed a water elemental
   292 | D        | Noticed a +0 long sword of distortion
   292 | D        | Found a transporter.
   293 | D        | Found the +7 captain's cutlass {speed, disarm}
   294 | D        | Killed a +0 long sword of distortion
   294 | D        | Reached * piety under Vehumet
   294 | D        | Offered knowledge of Shock by Vehumet.
   295 | D        | Reached skill level 10 in Spellcasting
   295 | D        | Reached skill level 13 in Fire Magic
   295 | D        | Reached XP level 5. HP: 28/28 MP: 14/19
   295 | D        | Reached XP level 6. HP: 32/32 MP: 15/21
   295 | D        | Reached XP level 7. HP: 36/36 MP: 15/22
   295 | D        | Killed a deep elf zephyrmancer
   296 | D        | Reached XP level 8. HP: 41/41 MP: 15/24
   298 | D        | Reached skill level 14 in Fire Magic
   377 | D        | Entered arena 4.
   377 | D        | Found a transporter.
   378 | D        | Found the amulet of the Air {Inacc Fly rElec EV+5 RMsl}
   378 | D        | Reached ** piety under Vehumet
   380 | D        | Reached *** piety under Vehumet
   403 | D        | Learned a level 5 spell: Fireball
   500 | D        | Entered arena 5.
   500 | D        | Noticed a white ugly thing
   500 | D        | Found a transporter.
   501 | D        | Offered knowledge of Static Discharge by Vehumet.
   507 | D        | Killed a white ugly thing
   507 | D        | Reached **** piety under Vehumet
   508 | D        | Reached skill level 15 in Fire Magic
   508 | D        | Reached skill level 5 in Evocations
   508 | D        | Reached XP level 9. HP: 20/45 MP: 17/27
   674 | D        | Entered arena 6.
   674 | D        | Found a transporter.
   675 | D        | Offered knowledge of Ignite Poison by Vehumet.
   676 | D        | Reached ***** piety under Vehumet
   694 | D        | Entered arena 7.
   696 | D        | Reached skill level 16 in Fire Magic
   697 | D        | Found a transporter.
   704 | D        | Got the ring "Ajic" {EV+4 Dex+4}
   727 | D        | Entered arena 8.
   727 | D        | Noticed a hell hog
   727 | D        | Noticed an efreet
   727 | D        | Noticed an efreet
   727 | D        | Noticed a hell hog
   730 | D        | Killed a hell hog
   731 | D        | Killed an efreet
   731 | D        | Killed an efreet
   731 | D        | Reached ****** piety under Vehumet
   732 | D        | Reached skill level 10 in Dodging
   732 | D        | Reached skill level 17 in Fire Magic
   732 | D        | Reached XP level 10. HP: 13/50 MP: 29/29
   737 | D        | Killed a hell hog
   738 | D        | Reached skill level 5 in Conjurations
   738 | D        | Found a transporter.
   765 | D        | Entered arena 9.
   766 | D        | Found the +8 demon trident "Rift" {distort, reach+}
   835 | D        | Found a transporter.
   849 | D        | Got the ring "Qiuvigim" {rElec SInv}
   856 | D        | Entered arena 10.
   856 | D        | Noticed an orc high priest
   856 | D        | Noticed a +3 short sword of venom
   856 | D        | Noticed a deep elf archer
   856 | D        | Noticed a +3 halberd of venom
   856 | D        | Noticed a +5 flail of holy wrath
   858 | D        | Offered knowledge of Frozen Ramparts by Vehumet.
   860 | D        | Killed a deep elf archer
   861 | D        | Found a transporter.
   862 | D        | Killed an orc high priest
   862 | D        | Killed a +3 short sword of venom
   863 | D        | Reached skill level 18 in Fire Magic
   864 | D        | Killed a +3 halberd of venom
   865 | D        | Reached skill level 10 in Stealth
   867 | D        | Killed a +5 flail of holy wrath
   867 | D        | Killed themself with a badly aimed burst of rock shards

Illustrated notes

Levels and vault maps discovered:
D:        sprint_v [room_start, room_1, room_2, room_3, room_4, room_5, room_6,
          room_7, room_8, room_9, room_10, room_11, room_12, room_13, room_14,
          room_15, room_16, room_17, room_18, room_19, room_20, room_21,
          room_22, room_23, room_24, room_25, room_26, room_27]

Skill      XL: |  1  2  3  4  5  6  7  8  9 10 |
---------------+-------------------------------+-----
Dodging        | 3 4 7 8 9 10 | 10.8
Stealth        | 3 4 6 7 8 9 10 | 10.1
Spellcasting   | 5 6 10 12 13 14 | 14.9
Fire Magic     | 6 8 13 15 17 18 | 18.3
Evocations     | 1 3 5 7 9 |  9.9
Conjurations   | 2 3 4 6 |  6.8
Fighting       | |  0.1

Action                   |  1- 3 |  4- 6 |  7- 9 | 10-12 || total
-------------------------+-------+-------+-------+-------++-------
 Cast: Fireball          |       |       |     7 |     3 ||    10
       Sticky Flame      |       |       |     1 |       ||     1
       Foxfire           |       |       |     1 |       ||     1
Evoke: Wand              |     2 |     2 |    10 |     4 ||    18
       Lightning rod     |     1 |       |     1 |     3 ||     5
       Tin of tremorston |       |       |       |     4 ||     4
  Use: Scroll            |       |       |     1 |     2 ||     3
       Potion            |       |       |       |     4 ||     4
Armor: Robe              |       |       |     1 |     1 ||     2
Dodge: Dodged            |       |       |       |     3 ||     3

Table legend: (Time is in decaauts)
 A = Elapsed time spent in this place.
 B = Non-inter-level travel time spent in this place.
 C = Inter-level travel time spent in this place.
 D = Time resting spent in this place.
 E = Time spent auto-exploring this place.
 F = Levels seen in this place.
 G = Mean time per level.
                   A        B        C        D        E       F      G
               +--------+--------+--------+--------+--------+-----+--------+
         Total |    865 |    865 |      0 |    623 |      0 |   1 |  865.0 |
       Dungeon |    865 |    865 |      0 |    623 |      0 |   1 |  865.0 |
               +--------+--------+--------+--------+--------+-----+--------+

Top non-repeatable levels by time:
       D: 865 daAuts
